 Dungeon Crawl Stone Soup version 0.28-a0-643-g84cb2ea78e (webtiles) character file.

Game seed: 17443756251933766479

92204 jasper the Peltast (level 15, -2/112 HPs)
             Began as a Demonspawn Venom Mage on Oct 10, 2021.
             Was an Elder of Vehumet.
             Killed from afar by a fire dragon (39 damage)
             ... with a blast of flame
             ... on level 12 of the Dungeon on Oct 11, 2021.
             The game lasted 01:01:38 (39293 turns).

jasper the Peltast (Demonspawn Venom Mage)         Turns: 39293, Time: 01:01:38

Health: -2/112     AC:  9    Str:  8    XL:     15   Next: 57%
Magic:  8/28       EV: 16    Int: 24    God:    Vehumet [****..]
Gold:   1061       SH: 26    Dex: 21    Spells: 9/32 levels left

rFire   . . .      SeeInvis .   F - staff of conjuration
rCold   . . .      Faith    .   e - +0 kite shield
rNeg    . . .      Spirit   .   B - +0 steam dragon scales
rPois   +          Reflect  +   M - +1 hat
rElec   +          Harm     .   (no cloak)
rCorr   .          Rampage  .   p - +1 pair of gloves
Will    +....                   R - +0 pair of boots of Untruth {rElec rPois Dex+3}
Stlth   ++........              L - amulet of reflection
HPRegen 0.28/turn               y - ring of Reuzixi {Fly rPois Int+3 Dex+2}
MPRegen 0.21/turn               i - ring of wizardry

@: flying
A: antennae 2, large bone plates 2, demonic guardian 2, demonic magic 2
a: Renounce Religion


You were on level 12 of the Dungeon.
You worshipped Vehumet.
Vehumet was greatly pleased with you.
You visited 5 branches of the dungeon, and saw 24 of its levels.
You also visited: Bailey.

You collected 2036 gold pieces.
You spent 975 gold pieces at shops.

Inventory:

Missiles
 c - 716 stones
 d - 3 silver boomerangs
 v - 7 throwing nets
Armour
 e - a +0 kite shield (worn)
 p - a +1 pair of gloves (worn)
 B - +0 steam dragon scales (worn)
 J - a +1 robe of cold resistance
 M - a +1 hat (worn)
 R - the +0 pair of boots of Untruth (worn) {rElec rPois Dex+3}
   (You found it on level 2 of the Lair of Beasts)

   Dex:       It affects your dexterity (+3).
   rElec:     It insulates you from electricity.
   rPois:     It protects you from poison.
Magical Staves
 F - a staff of conjuration (weapon)
 P - a staff of poison
Jewellery
 i - a ring of wizardry (right hand)
 j - a +4 ring of evasion
 u - a ring of willpower
 y - the ring of Reuzixi (left hand) {Fly rPois Int+3 Dex+2}
   (You acquired it in a bailey)

   [ring of flight]

   Int:       It affects your intelligence (+3).
   Dex:       It affects your dexterity (+2).
   rPois:     It protects you from poison.
   Fly:       It grants you flight.
 K - a ring of ice
 L - an amulet of reflection (around neck)
 W - an amulet of the acrobat
 X - a ring of see invisible
Wands
 w - a wand of flame (43)
 A - a wand of iceblast (8)
 G - a wand of paralysis (8)
 Y - a wand of digging (5)
Scrolls
 a - a scroll of silence
 q - 4 scrolls of enchant armour
 r - 3 scrolls of summoning
 t - 8 scrolls of magic mapping
 D - 3 scrolls of teleportation
 H - a scroll of brand weapon
 I - 3 scrolls of immolation
 N - 2 scrolls of identify
 O - a scroll of amnesia
 S - 3 scrolls of fog
 T - a scroll of blinking
Potions
 g - 3 potions of invisibility
 h - 2 potions of degeneration
 k - 2 potions of might
 l - 7 potions of curing
 m - 5 potions of haste
 n - 5 potions of mutation
 x - 2 potions of cancellation
 z - 5 potions of brilliance
 C - a potion of heal wounds
 Q - a potion of ambrosia
 U - a potion of lignification
 V - a potion of magic
 Z - a potion of attraction


   Skills:
 + Level 8.9 Fighting
 + Level 5.9 Dodging
 - Level 1.7 Stealth
 - Level 15.0 Shields
 + Level 9.1 Spellcasting
 + Level 12.6 Conjurations
 - Level 0.8 Transmutations
 - Level 1.0 Fire Magic
 - Level 1.0 Air Magic
 + Level 11.5 Earth Magic
 - Level 6.1 Poison Magic


You had 9 spell levels left.
You knew the following spells:

 Your Spells              Type           Power      Damage    Failure   Level
a - Sting                 Tmut/Pois      100%       1d8       1%          1
b - Mephitic Cloud        Conj/Pois/Air  59%        N/A       1%          3
c - Olgreb's Toxic Radia  Pois           40%        N/A       1%          4
d - Ignite Poison         Fire/Tmut/Pois 23%        N/A       1%          3
e - Iron Shot             Conj/Erth      40%        9d8       1%          6
f - Starburst             Conj/Fire      30%        6d9       6%          6

Your spell library contained the following spells:

 Spells                   Type           Power      Damage    Failure   Level
 Lightning Bolt           Conj/Air       30%        1d47      1%          5
 Foxfire                  Conj/Fire      100%       2x1d9     1%          1
 Poisonous Vapours        Pois/Air       56%        N/A       1%          2
 Conjure Flame            Conj/Fire      60%        6-21      1%          3
 Dazzling Flash           Conj/Hex       100%       N/A       1%          3
 Inner Flame              Hex/Fire       13%        N/A       1%          3
 Flame Wave               Conj/Fire      60%        3d11      1%          4
 Iskenderun's Mystic Bla  Conj/Tloc      58%        2d12      1%          4
 Sticky Flame             Conj/Fire      60%        2d8       1%          4
 Irradiate                Conj/Tmut      30%        3d23      1%          5
 Pain                     Necr           40%        1d6       2%          1
 Corpse Rot               Necr/Air       N/A        N/A       2%          2
 Animate Armour           Summ/Erth      76%        N/A       2%          4
 Freezing Cloud           Conj/Ice/Air   24%        6-21      3%          5
 Ozocubu's Armour         Ice            10%        N/A       7%          3
 Blade Hands              Tmut           7%         N/A       41%         5
 Agony                    Necr           10%        N/A       52%         5
 Excruciating Wounds      Necr           5%         N/A       52%         5
 Metabolic Englaciation   Hex/Ice        5%         N/A       52%         5
 Simulacrum               Ice/Necr       5%         N/A       96%         6
 Ozocubu's Refrigeration  Ice            5%         4d6       97%         7
 Dragon Form              Tmut           7%         N/A       100%        7
 Polar Vortex             Ice            5%         N/A       100%        9


Dungeon Overview and Level Annotations

Branches:
Dungeon (13/15)            Temple (1/1) D:7            Lair (6/6) D:9
 Shoals (0/4) Lair:3        Snake (2/4) Lair:3          Orc (2/2) D:10
    Elf (0/3) Orc:2        Bailey (visited)
  Slime: Lair:5-6    Vaults: D:13-14

Altars:
Ashenzari
Cheibriados
Dithmenos
Elyvilon
Fedhas
Gozag
Hepliaklqana
Kikubaaqudgha
Makhleb
Nemelex Xobeh
Okawaru
Qazlal
Ru
Sif Muna
Trog
Uskayaw
Vehumet
Wu Jian
Xom
Yredelemnul
Zin
The Shining One
Jiyva

Shops:
D:2 :   Orc:1 ?   Orc:2 [[(*=

Annotations:
Lair:2 1 runed translucent door, robertstho's ghost, journeyman DjFE
Lair:5 exclusion: 2 oklob plants


Innate Abilities, Weirdness & Mutations

You have a pair of antennae on your head.
You are mostly covered in large bone plates. (SH +6)
A demonic guardian rushes to your aid.
Spells you cast may paralyse nearby enemies.


Message History

Vehumet accepts your kill.
You feel your power returning.
The troll leather armour is intact enough to wear.
The bolt of fire hits the fire dragon.
The fire dragon resists.
The fire dragon is severely wounded.
Malevolent energies surge around you.
The fire dragon suddenly stops moving!
You now have 1/28 mp.
Things that are here:
a +0 troll leather armour; a troll corpse The helpless fire dragon fails to defend itself.
You hit the fire dragon but do no damage.
The fire dragon is severely wounded.
The fire dragon is no longer paralysed.
The fire dragon breathes flames at you. The blast of flame hits you!!
You take 28 damage, and have 39/112 hp.
MASSIVE DAMAGE!!
You barely miss the fire dragon.
The fire dragon is severely wounded.
The fire dragon bites you. You block the fire dragon's attack. x3
The fire dragon claws you but does no damage.
The fire dragon tramples you but does no damage.
You take 3 damage, and have 36/112 hp.
Magic courses through your body. You block the fire dragon's attack. x3
You regained 19 mp, and now have 20/28 mp.
Aiming: Iron Shot (dangerous; 1% risk of failure)
Press: ? - help, Q - select action, (/) - cycle Shift-Dir - straight line, f - fire dragon
Aim: a fire dragon (severely wounded, 82% to hit)
You feel a surge of power!
The iron shot misses the fire dragon.
Malevolent energies surge around you. You block the fire dragon's attack. x2
The fire dragon tramples you but does no damage.
You now have 14/28 mp.
Aiming: Iron Shot (dangerous; 1% risk of failure)
Press: ? - help, Q - select action, (/) - cycle Shift-Dir - straight line, f/p - fire dragon
Aim: a fire dragon (severely wounded, 82% to hit)
You feel a surge of power!
The iron shot misses the fire dragon.
Malevolent energies surge around you. The fire dragon breathes flames at you.
The blast of flame hits you!!!
You die...

######### #.......# #.......#
#.......####### #.......'D@...#
#######....>..#####.############
..............# #.#..........##
.#####........# #.#.#######.#..
.#...#....##### #.#.# #.#.#
.#.#.####.# #.#.# #.#.# .#.#.#
#.#########.#.# #.#.# .....#
##.#.........#.# #.#.#
##.#####..#.#########.#######.#.#


You could see a fire dragon (catching breath).

Vanquished Creatures
  Kirke (D:12)
  A fire dragon (Lair:6)
  Fannar (Orc:1)
  Harold (Orc:1)
  8 hydras
  2 boulder beetles (D:13)
  A naga warrior (Snake:1)
  3 anacondas (Snake:1)
  5 two-headed ogres
  4 death yaks
  6 centaur warriors
  2 shock serpents (Snake:1)
  A naga sharpshooter (Snake:1)
  A fire crab (Lair:6)
  A naga ritualist (Snake:1)
  2 lindwurms (Lair:6)
  Pikel (D:7)
  A mana viper (Snake:1)
  3 deep elf zephyrmancers (Orc:1)
  6 deep elf pyromancers
  5 orc knights
  3 cyclopes
  An oklob plant (Lair:1)
  A salamander (Snake:2)
  2 orc sorcerers (Orc:2)
  2 manticores (D:12)
  16 elephants
  A guardian serpent (Snake:1)
  18 black mambas
  2 molten gargoyles (Lair:6)
  6 naga magi (Snake:1)
  A cane toad (shapeshifter) (D:13)
  10 cane toads
  An unseen horror (D:13)
  A torpor snail (Lair:3)
  2 rime drakes
  10 komodo dragons
  3 meliai (D:13)
  7 trolls
  3 hornets
  14 blink frogs
  A slime creature (D:13)
  A snapping turtle (Lair:3)
  6 dream sheep (Lair:4)
  A shadow (D:10)
  7 wyverns
  52 yaks
  A wraith (D:9)
  3 hogs (D:13)
  9 basilisks
  Grum (Lair:1)
  4 steam dragons
  7 vampire mosquitoes
  13 nagas (Snake:1)
  2 acid dragons (D:12)
  19 water moccasins
  3 hell hounds (Lair:6)
  3 ice beasts
  36 orc warriors
  4 black bears
  A necrophage (D:6)
  21 wolves
  10 ogres
  A sky beast (D:8)
  14 centaurs
  5 phantoms
  2 lemures (D:7)
  3 kobold brigands
  A gnoll sergeant (D:6)
  12 bullfrogs
  3 scorpions
  A wyvern skeleton (D:5)
  A killer bee (D:7)
  A troll zombie (D:10)
  9 wights
  3 howler monkeys (D:9)
  5 lava snakes (Lair:6)
  4 centaur zombies
  A bullfrog zombie (D:7)
  A hound (D:7)
  A centaur skeleton (D:7)
  13 orc priests
  7 jellies
  3 iguanas
  7 hell rats (Lair:1)
  10 orc wizards
  Terence (D:2)
  A killer bee zombie (D:7)
  5 ogre zombies (D:10)
  5 gnolls (D:6)
  A howler monkey skeleton (D:7)
  11 adders
  A river rat (D:9)
  A shadow imp (D:6)
  2 white imps
  2 ufetubi
  An adder skeleton (D:4)
  A worm (D:3)
  3 dart slugs
  87 orcs
  6 endoplasms
  2 giant cockroaches
  7 goblins
  10 hobgoblins
  3 jackals (D:1)
  22 kobolds
  6 quokkas
  7 ball pythons
  5 bats
  A frilled lizard (D:2)
  A goblin skeleton (D:10)
  4 goblin zombies (D:10)
  2 hobgoblin skeletons (D:10)
  A hobgoblin zombie (D:10)
  3 orc skeletons (D:10)
  8 orc zombies (D:10)
  11 rats
694 creatures vanquished.

Vanquished Creatures (collateral kills)
  Gastronok (Lair:1)
  A hydra (D:11)
  A mana viper (Snake:1)
  An elephant (Lair:4)
  A centaur (D:11)
  A hound (D:4)
  A hound zombie (D:5)
  A white imp (D:5)
8 creatures vanquished.

Vanquished Creatures (others)
  48 fungi
  64 plants
112 creatures vanquished.

Grand Total: 814 creatures vanquished

Notes
Turn   | Place    | Note
-------+----------+-------------------------------------------
     0 | D:1      | jasper the Demonspawn Venom Mage began the quest for the
                  | Orb.
     0 | D:1      | Reached XP level 1. HP: 13/13 MP: 3/3
   300 | D:1      | Gained mutation: You are partially covered in large bone
                  | plates. (SH +4) [demonic ancestry]
   300 | D:1      | Reached XP level 2. HP: 11/19 MP: 0/5
   761 | D:1      | You fall into a shaft and drop 1 floor!
   812 | D:2      | Reached XP level 3. HP: 20/24 MP: 0/6
   867 | D:2      | Learned a level 3 spell: Mephitic Cloud
  1501 | D:2      | Found Duviod's Book Boutique.
  1619 | D:2      | Noticed Terence
  1633 | D:2      | Killed Terence
  1634 | D:2      | Reached skill level 5 in Poison Magic
  1634 | D:2      | Gained mutation: You are mostly covered in large bone
                  | plates. (SH +6) [demonic ancestry]
  1634 | D:2      | Reached XP level 4. HP: 23/30 MP: 0/7
  2329 | D:3      | Found an opulent altar of Gozag.
  2487 | D:3      | Noticed a scorpion
  2500 | D:3      | Killed a scorpion
  2501 | D:3      | Gained mutation: A weak demonic guardian rushes to your
                  | aid. [demonic ancestry]
  2501 | D:3      | Reached XP level 5. HP: 35/35 MP: 1/8
  2506 | D:3      | Learned a level 4 spell: Olgreb's Toxic Radiance
  2629 | D:3      | Found a faded altar of an unknown god.
  3339 | D:4      | Noticed an ogre
  3350 | D:4      | Killed an ogre
  3351 | D:4      | Reached XP level 6. HP: 41/41 MP: 1/10
  3355 | D:4      | Learned a level 3 spell: Ignite Poison
  3696 | D:4      | Reached skill level 1 in Conjurations
  3696 | D:4      | Reached skill level 1 in Fire Magic
  3696 | D:4      | Reached skill level 1 in Air Magic
  4068 | D:4      | Reached skill level 1 in Shields
  4598 | D:4      | Reached skill level 1 in Fighting
  5262 | D:4      | Reached XP level 7. HP: 48/48 MP: 7/12
  5352 | D:5      | Entered Level 5 of the Dungeon
  5360 | D:5      | Reached skill level 2 in Shields
  5631 | D:5      | Noticed a steam dragon
  6182 | D:5      | Reached skill level 3 in Shields
  6404 | D:6      | Found a shimmering altar of Xom.
  6590 | D:6      | Reached skill level 4 in Shields
  6590 | D:6      | Gained mutation: You have a pair of small antennae on your
                  | head. [demonic ancestry]
  6590 | D:6      | Reached XP level 8. HP: 53/58 MP: 7/14
  6914 | D:6      | Reached skill level 5 in Shields
  7143 | D:6      | Found a basalt altar of Yredelemnul.
  7163 | D:6      | Reached skill level 5 in Spellcasting
  7582 | D:7      | Noticed Pikel
  7588 | D:7      | Killed Pikel
  7589 | D:7      | Reached skill level 6 in Shields
  7589 | D:7      | Gained mutation: Spells you cast may paralyse adjacent
                  | enemies. [demonic ancestry]
  7589 | D:7      | Reached XP level 9. HP: 66/66 MP: 1/17
  7697 | D:7      | Learned a level 6 spell: Iron Shot
  8030 | D:7      | Reached skill level 5 in Fighting
  8061 | D:7      | Found a flagged portal.
  8070 | Bailey   | Entered a bailey
  8262 | Bailey   | Reached skill level 7 in Shields
  8390 | Bailey   | Acquired the ring of Reuzixi {Fly rPois Int+3 Dex+2}
  8440 | Bailey   | Noticed an orc knight
  8444 | Bailey   | Noticed an orc knight
  8468 | Bailey   | Killed an orc knight
  8506 | Bailey   | Noticed an orc knight
  8511 | Bailey   | Noticed an orc knight
  8744 | D:7      | Reached skill level 8 in Shields
  8746 | D:7      | Noticed a centaur warrior
  9234 | D:5      | Found a hide-covered altar of Uskayaw.
  9247 | D:5      | Reached XP level 10. HP: 76/76 MP: 12/20
  9711 | D:7      | Found a staircase to the Ecumenical Temple.
  9738 | Temple   | Entered the Ecumenical Temple
  9865 | Temple   | Became a worshipper of Vehumet
 10233 | D:7      | Noticed a cyclops
 10246 | D:7      | Killed a cyclops
 10486 | D:7      | Killed a centaur warrior
 10487 | D:7      | Reached skill level 9 in Shields
 10937 | D:7      | Noticed a two-headed ogre
 10968 | D:7      | Killed a two-headed ogre
 10969 | D:7      | Reached skill level 10 in Shields
 11158 | D:7      | Found a sparkling altar of Nemelex Xobeh.
 12284 | D:9      | Reached skill level 11 in Shields
 12664 | D:9      | Noticed a two-headed ogre
 12673 | D:9      | Killed a two-headed ogre
 12674 | D:9      | Reached XP level 11. HP: 81/81 MP: 7/21
 12821 | D:9      | Found a viscous altar of Jiyva.
 12952 | D:9      | Noticed a death yak
 12954 | D:9      | Reached * piety under Vehumet
 12954 | D:9      | Offered knowledge of Freeze by Vehumet.
 12971 | D:9      | Killed a death yak
 12972 | D:9      | Reached skill level 12 in Shields
 13087 | D:9      | Found a staircase to the Lair.
 13091 | D:9      | Noticed a death yak
 13092 | D:9      | Noticed a death yak
 13102 | D:9      | Killed a death yak
 13102 | D:9      | Killed a death yak
 13570 | D:9      | Noticed a two-headed ogre
 13581 | D:9      | Killed a two-headed ogre
 13861 | D:10     | Entered Level 10 of the Dungeon
 13942 | D:10     | Found a staircase to the Orcish Mines.
 13953 | D:10     | Reached ** piety under Vehumet
 13954 | D:10     | Offered knowledge of Static Discharge by Vehumet.
 14315 | D:10     | Noticed a two-headed ogre
 14324 | D:10     | Killed a two-headed ogre
 14571 | D:10     | Reached skill level 5 in Conjurations
 15625 | D:11     | Noticed a five-headed hydra
 15639 | D:11     | Killed a five-headed hydra
 15640 | D:11     | Reached skill level 5 in Earth Magic
 16036 | D:11     | Noticed a centaur warrior
 16036 | D:11     | Noticed a four-headed hydra
 16051 | D:11     | Killed a centaur warrior
 16054 | D:11     | Killed a four-headed hydra
 16055 | D:11     | Gained mutation: You have a pair of antennae on your head.
                  | [demonic ancestry]
 16055 | D:11     | Reached XP level 12. HP: 77/88 MP: 7/22
 16226 | D:11     | Offered knowledge of Frozen Ramparts by Vehumet.
 16390 | Lair:1   | Entered Level 1 of the Lair of Beasts
 16392 | Lair:1   | Noticed a five-headed hydra
 16394 | Lair:1   | Found a shimmering altar of Xom.
 16411 | D:9      | Killed a five-headed hydra
 16549 | Lair:1   | Noticed Grum
 16553 | Lair:1   | Killed Grum
 16569 | Lair:1   | Reached *** piety under Vehumet
 17315 | Lair:1   | Noticed Gastronok
 17679 | Orc:1    | Entered Level 1 of the Orcish Mines
 18532 | Orc:1    | Found Emokh's Magic Scroll Emporium.
 18563 | Orc:1    | Offered knowledge of Stone Arrow by Vehumet.
 18563 | Orc:1    | Noticed Fannar
 18577 | Orc:1    | Killed Fannar
 19113 | Orc:1    | Noticed Harold
 19123 | Orc:1    | Killed Harold
 19338 | Orc:2    | Entered Level 2 of the Orcish Mines
 19533 | Orc:2    | Noticed a centaur warrior
 19794 | Orc:2    | Reached **** piety under Vehumet
 19855 | Orc:2    | Offered knowledge of Iskenderun's Mystic Blast by Vehumet.
 20157 | Orc:2    | Reached skill level 10 in Conjurations
 20161 | Orc:2    | Killed a centaur warrior
 20162 | Orc:2    | Gained mutation: Spells you cast may paralyse nearby
                  | enemies. [demonic ancestry]
 20162 | Orc:2    | Reached XP level 13. HP: 22/93 MP: 9/23
 21361 | Orc:2    | Found Gorux's Antique Armour Boutique.
 21522 | Orc:2    | Found Bynibb's Assorted Antiques.
 21522 | Orc:2    | Found Zoqirrag's Weapon Emporium.
 21522 | Orc:2    | Found Ablius's Armour Shoppe.
 21525 | Orc:2    | Found Fair's Jewellery Boutique.
 21541 | Orc:2    | Bought a blackened emerald amulet for 195 gold pieces
 21541 | Orc:2    | Bought 2 potions of haste for 780 gold pieces
 21834 | Orc:2    | Found a staircase to the Elven Halls.
 22511 | Lair:1   | Killed Gastronok
 22512 | Lair:1   | Reached skill level 10 in Earth Magic
 23402 | Lair:1   | Reached skill level 13 in Shields
 23955 | Lair:2   | Reached ***** piety under Vehumet
 23959 | Lair:2   | Offered knowledge of Starburst by Vehumet.
 24054 | Lair:2   | Learned a level 6 spell: Starburst
 24223 | Lair:2   | Found a runed translucent door.
 24225 | Lair:2   | Noticed robertstho's ghost (journeyman DjFE)
 24739 | Lair:2   | Identified the +0 pair of boots of Untruth {rElec rPois
                  | Dex+3}
 25040 | Lair:3   | Found a shadowy altar of Dithmenos.
 25055 | Lair:3   | Found a staircase to the Snake Pit.
 25084 | Lair:3   | Reached skill level 14 in Shields
 26333 | Lair:3   | Found a staircase to the Shoals.
 26335 | Lair:3   | Gained mutation: A demonic guardian rushes to your aid.
                  | [demonic ancestry]
 26335 | Lair:3   | Reached XP level 14. HP: 100/100 MP: 19/24
 26703 | Snake:1  | Entered Level 1 of the Snake Pit
 27726 | Snake:1  | Reached skill level 15 in Shields
 31425 | Lair:4   | Offered knowledge of Airstrike by Vehumet.
 33586 | Lair:6   | Entered Level 6 of the Lair of Beasts
 33831 | Lair:6   | Reached XP level 15. HP: 100/110 MP: 12/27
 34816 | Lair:6   | Offered knowledge of Lightning Bolt by Vehumet.
 35000 | Lair:6   | Reached skill level 5 in Dodging
 35328 | Lair:6   | Found a large runed translucent door.
 35328 | Lair:6   | Found a large runed translucent door.
 38095 | D:13     | Noticed Kirke
 38232 | D:12     | Killed Kirke
 38709 | D:13     | Identified the +5 spear "Xahoppok" {protect, Fragile Str-5
                  | Dex+7 Stlth+}
 39293 | D:12     | Killed from afar by a fire dragon

Illustrated notes

Levels and vault maps discovered:
D:1:      matt_arrival_los_fun, layout_basic
D:2:      layout_loops_ring, serial_shops, shop, uniq_terence
D:3:      layout_basic, nicolae_gozag_cash_rules_everything_around_me,
          dreamdust_ecumenical_altar_angels_and_demons
D:4:      corexii_shack_village, layout_basic, kennysheep_generic_room_13
D:5:      layout_basic, nicolae_uskayaw_suspiria
D:6:      layout_loops_corners, general_overflow_altar, xom_teletrap_fun,
          mainiacjoe_overflow_cross_hatched
D:7:      nzn_winding_woodlands_stair_cross
          [nzn_winding_woodlands_5x15_sidewinder,
          nzn_winding_woodlands_center_lodge,
          nzn_winding_woodlands_5x15_longhouse,
          nzn_winding_woodlands_5x5_perimeter,
          nzn_winding_woodlands_5x5_open_star,
          nzn_winding_woodlands_5x15_pathside_ponds,
          nzn_winding_woodlands_center_diamonds,
          nzn_winding_woodlands_5x15_split_checker], layout_cave_pods,
          nemelex_xobeh_ov_fountains_minmay, temple_fountains, enter_bailey_2,
          chequers_serial_rivers_micro_b, uniq_pikel
D:8:      layout_basic
D:9:      layout_long_grid, dpeg_lair_monsters, jiyva_altar_1
D:10:     layout_roguey, nicolae_overflow_crystal_walls, zombieorc1_lemuel
D:11:     layout_rooms, minmay_misc_feat_rugged, minivault_20
D:12:     layout_basic
D:13:     minmay_the_grid_square_5x5_5x5 [minmay_the_grid_square_5x5_shrine1,
          minmay_the_grid_square_5x5_n_small,
          minmay_the_grid_square_5x5_checkered_sparse,
          minmay_the_grid_square_5x5_two,
          minmay_the_grid_square_5x5_pentomino_r,
          minmay_the_grid_square_5x5_detours,
          minmay_the_grid_square_5x5_prize_snowflake,
          minmay_the_grid_square_5x5_checkered_statues,
          minmay_the_grid_square_5x5_prize_waves,
          minmay_the_grid_square_5x5_trominoes,
          minmay_the_grid_square_5x5_bracketed,
          minmay_the_grid_square_5x5_tetrominoes,
          minmay_the_grid_square_5x5_prize_monsterx,
          minmay_the_grid_square_5x5_v, minmay_the_grid_square_5x5_three_small,
          minmay_the_grid_square_5x5_slash,
          minmay_the_grid_square_5x5_prize_junk,
          minmay_the_grid_square_5x5_lines,
          minmay_the_grid_square_5x5_prize_rear_guard,
          minmay_the_grid_square_5x5_minibox,
          minmay_the_grid_square_5x5_beaten_path,
          minmay_the_grid_square_5x5_spiral,
          minmay_the_grid_square_5x5_intrusive_squares,
          minmay_the_grid_square_5x5_doubleslash,
          minmay_the_grid_square_5x5_hourglass], layout_basic,
          grunt_ministairs_10, eino_house_with_fridge, uniq_kirke
Temple:   regret_index_temple_waves
Lair:1:   layout_long_grid, lemuel_oklob_altar, grunt_megastairs_5,
          serial_bayou_shore_b, uniq_grum, uniq_gastronok
Lair:2:   layout_loops_ring, ebering_ghost_reflecting_pool, lemuel_fruit_tree,
          infiniplex_staircase_pool_2
Lair:3:   layout_cave_shapes, minmay_shoals_entry_hut, dummy_snake_entry,
          basic_altar
Lair:4:   layout_cave_pods
Lair:5:   layout_roguey, minmay_slime_entry_oklob_enclosed
Lair:6:   cheibrodos_lair_end_hotspot, layout_regular_city, basic_altar
Snake:1:  layout_concentric_octagons
Snake:2:  layout_cave_shapes, guppyfry_snake_island, uniq_agnes
Orc:1:    layout_caves, serial_shops, shop, elves_outpost_lemuel, uniq_fannar,
          uniq_harold
Orc:2:    st_orc_rangers, layout_caves, serial_shops, nicolae_diamond_shop

Skill      XL: |  1  2  3  4  5  6  7  8  9 10 11 12 13 14 15 |
---------------+----------------------------------------------+-----
Poison Magic   | 4 5 6 |  6.1
Spellcasting   | 3 4 5 6 7 8 9 |  9.1
Conjurations   | 1 6 10 11 12 | 12.6
Fire Magic     | 1 |  1.0
Air Magic      | 1 |  1.0
Shields        | 1 4 6 8 11 12 14 15 | 15.0
Fighting       | 1 3 4 6 7 8 |  8.9
Earth Magic    | 6 9 10 11 | 11.5
Dodging        | 4 5 |  5.9
Stealth        | |  1.7
Transmutations | |  0.8

Action                   |  1- 3 |  4- 6 |  7- 9 | 10-12 | 13-15 || total
-------------------------+-------+-------+-------+-------+-------++-------
Melee: Short sword       |    47 |    45 |    86 |    10 |       ||   188
       Unarmed           |     2 |       |       |       |    15 ||    17
       Scimitar          |       |       |       |   136 |       ||   136
       Staff             |       |       |       |     2 |   114 ||   116
 Cast: Sting             |    55 |    86 |    26 |    21 |    13 ||   201
       Mephitic Cloud    |       |     2 |    12 |    41 |     1 ||    56
       Olgreb's Toxic Ra |       |    17 |    32 |   112 |   100 ||   261
       Ignite Poison     |       |     2 |    24 |    96 |    61 ||   183
       Iron Shot         |       |       |       |    13 |   288 ||   301
       Starburst         |       |       |       |       |     2 ||     2
Evoke: Wand              |       |       |    11 |    10 |    12 ||    33
  Use: Scroll            |       |     4 |     6 |    12 |     7 ||    29
       Potion            |       |       |     3 |       |     3 ||     6
 Stab: Paralysed         |       |       |     8 |    22 |    11 ||    41
       Confused          |       |       |       |     1 |       ||     1
       Distracted        |       |       |       |       |     1 ||     1
Armor: Robe              |    12 |    12 |    26 |       |       ||    50
       Steam dragon scal |       |       |       |    46 |    42 ||    88
Dodge: Dodged            |    38 |    61 |   111 |    58 |    71 ||   339
Block: Other             |     9 |    32 |    47 |       |     2 ||    90
       Kite shield       |       |       |       |   212 |   406 ||   618
       Reflection        |       |       |       |       |    26 ||    26

Table legend: (Time is in decaauts)
 A = Elapsed time spent in this place.
 B = Non-inter-level travel time spent in this place.
 C = Inter-level travel time spent in this place.
 D = Time resting spent in this place.
 E = Time spent auto-exploring this place.
 F = Levels seen in this place.
 G = Mean time per level.
                   A        B        C        D        E       F      G
               +--------+--------+--------+--------+--------+-----+--------+
         Total |  39458 |  37597 |   1861 |  10359 |  22298 |  25 | 1578.3 |
       Dungeon |  19658 |  18531 |   1127 |   4552 |  11370 |  13 | 1512.2 |
        Temple |    151 |    115 |     36 |      0 |     98 |   1 |  151.0 |
          Lair |  11268 |  10971 |    297 |   2121 |   7534 |   6 | 1878.0 |
     Snake Pit |   3434 |   3248 |    186 |   1601 |   1359 |   2 | 1717.0 |
  Orcish Mines |   4489 |   4275 |    214 |   1862 |   1893 |   2 | 2244.5 |
        Bailey |    456 |    456 |      0 |    223 |     44 |   1 |  456.0 |
               +--------+--------+--------+--------+--------+-----+--------+

Top non-repeatable levels by time:
 Snake:1: 3081 daAuts
   Orc:1: 3042 daAuts
  Lair:6: 2711 daAuts
     D:4: 2575 daAuts
  Lair:3: 2439 daAuts
    D:12: 2336 daAuts
     D:9: 2328 daAuts
  Lair:1: 2203 daAuts
    D:10: 2074 daAuts
     D:7: 2069 daAuts
     D:6: 1856 daAuts
   Orc:2: 1446 daAuts
  Lair:2: 1352 daAuts
     D:3: 1340 daAuts
  Lair:4: 1285 daAuts
